 Dungeon Crawl Stone Soup version 0.30.1-9-gdf580d7c3d (webtiles) character file.

Game seed: 15908098584402607520

98 lonewolfV2 the Trooper (level 4, -8/36 HPs)
             Began as a Demonspawn Chaos Knight on Oct 25, 2023.
             Was a Plaything of Xom.
             Killed from afar by an orc wizard (10 damage)
             ... with a magic dart
             ... on level 3 of the Dungeon.
             The game lasted 00:04:43 (2222 turns).

lonewolfV2 the Trooper (Demonspawn Chaos Knight)    Turns: 2222, Time: 00:04:43

Health: -8/36      AC:  7    Str: 14    XL:     4   Next: 44%
Magic:  4/4        EV: 12    Int: 14    God:    Xom [..*...]
Gold:   130        SH:  0    Dex: 12    Spells: 3/3 levels left

rFire   . . .        a - +0 hand axe (chaos)
rCold   . . .        (no shield)
rNeg    . . .        b - +3 leather armour
rPois   .            (helmet restricted)
rElec   .            (no cloak)
rCorr   .            (no gloves)
SInv    .            (no boots)
Will    .....        (no amulet)
Stlth   +            (no ring)
HPRegen 0.26/turn    (no ring)
MPRegen 0.09/turn

%: random rage (3%)
@: no status effects
A: sharp scales 1, weakness stinger 1, beak, berserk 1
a: Renounce Religion


You were on level 3 of the Dungeon.
You worshipped Xom.
You were a toy of Xom.
You visited 1 branch of the dungeon, and saw 3 of its levels.

You collected 130 gold pieces.

Inventory:

Hand Weapons
 a - a +0 hand axe of chaos (weapon)
Armour
 b - a +3 leather armour (worn)
Potions
 e - a potion of lignification {unknown}
 f - a potion of mutation {unknown}
 h - a potion of might {unknown}
 i - a potion of curing {unknown}
Miscellaneous
 c - a piece from Xom's chessboard (15/15) (quivered)


   Skills:
 + Level 3.6 Fighting
 - Level 2.6 Axes
 + Level 2.5 Armour
 * Level 2.9 Dodging


You had 3 spell levels left.
You didn't know any spells.
Your spell library contained the following spells:

 Spells                   Type           Power      Damage    Failure   Level
 Ensorcelled Hibernation  Hex/Ice        0%         N/A       47%         2
 Passwall                 Tmut/Erth      0%         N/A       47%         2
 Portal Projectile        Hex/Tloc       0%         N/A       71%         3
 Swiftness                Air            0%         N/A       71%         3
 Tukima's Dance           Hex            0%         N/A       71%         3
 Blade Hands              Tmut           0%         N/A       100%        5


Dungeon Overview and Level Annotations

Branches:
Dungeon (3/15)

Altars:

Shops:
D:1 ?


Innate Abilities, Weirdness & Mutations

You are partially covered in razor-sharp scales. (AC +1, Slay +1)
You have a small tail.
You have a beak for a mouth.
You sometimes lose your temper in combat.


Message History

You bump into the rock wall.
The orc priest hits you with a +0 falchion.
Something hits you.
You barely miss the orc priest.
You tail-slap the orc priest, but do no damage.
You barely miss something.
You feel less confused.
The orc priest hits you but does no damage.
You hear some strange, mumbled words.
A magic dart appears from out of thin air!
The magic dart hits you.
You closely miss the orc priest. Your peck misses the orc priest.
You miss something.
The orc priest hits you with a +0 falchion.
* * * LOW HITPOINT WARNING * * *
Something hits you.
* * * LOW HITPOINT WARNING * * *
You closely miss the orc priest. You closely miss something.
The orc priest hits you with a +0 falchion.
* * * LOW HITPOINT WARNING * * *
You hear some strange, mumbled words.
Something tries to affect you, but you resist.
Unknown command.
Unknown command.
You hit the orc priest.
Space warps around the orc priest.
The orc priest is heavily wounded.
You barely miss something.
The orc priest hits you but does no damage.
Something hits you but does no damage.
You hit the orc priest but do no damage.
Your tail-slap misses the orc priest.
The orc priest is heavily wounded.
You miss something.
The orc priest invokes the aid of Beogh against you.
You barely resist.
You hear some strange, mumbled words.
A magic dart appears from out of thin air!
The magic dart hits you!
You die...
Xom laughs nastily!

#(#..#.#
#.#<.#.#
#.##.#.#
#.#....#
#.######
###########.#
..........#.#
..........#{#
..........o@#
..........###
..<.......#
..........#
..........#
..........#
.......$..#
.............
##.#####.......


You could see an orc priest.

Vanquished Creatures
  A gnoll (D:1)
  3 adders (D:2)
  2 worms (D:2)
  A dart slug (D:2)
  5 orcs (D:3)
  5 ball pythons
  3 bats
  2 endoplasms (D:2)
  2 giant cockroaches
  4 hobgoblins
  4 jackals (D:2)
  4 kobolds
  2 quokkas
  A frilled lizard (D:2)
  3 goblins
  5 rats (D:1)
47 creatures vanquished.

Notes
Turn   | Place    | Note
-------+----------+-------------------------------------------
     0 | D:1      | lonewolfV2 the Demonspawn Chaos Knight began the quest for
                  | the Orb.
     0 | D:1      | Reached XP level 1. HP: 18/18 MP: 1/1
   116 | D:1      | Reached skill level 1 in Dodging
   324 | D:1      | Found The Oracle's Delphic Readings.
   340 | D:1      | Gained mutation: You have a small tail. [demonic ancestry]
   340 | D:1      | Reached XP level 2. HP: 11/24 MP: 2/2
   358 | D:1      | XOM: silly message
   510 | D:1      | XOM: divination: magic mapping
   684 | D:1      | Gained mutation: You are partially covered in razor-sharp
                  | scales. (AC +1, Slay +1) [demonic ancestry]
   684 | D:1      | Reached XP level 3. HP: 29/29 MP: 3/3
   976 | D:2      | XOM: 2-stop teleportation journey
  1078 | D:2      | XOM: swap monsters
  1091 | D:2      | XOM: butterfly on damage
  1443 | D:2      | Found the +6 arbalest "Damnation" {damnation}
  1489 | D:2      | Reached XP level 4. HP: 35/35 MP: 4/4
  1501 | D:2      | Identified the +2 ring mail of the Gardener {Str+3}
  1816 | D:2      | XOM: give mutations
  1816 | D:2      | Gained mutation: You have a beak for a mouth. [Xom's
                  | mischief]
  1816 | D:2      | Gained mutation: You sometimes lose your temper in combat.
                  | [Xom's mischief]
  2177 | D:3      | XOM: silly message
  2198 | D:3      | XOM: butterfly on damage
  2220 | D:3      | HP: 1/36 [orc priest/+0 falchion (6)]
  2222 | D:3      | Killed from afar by an orc wizard

Illustrated notes

Levels and vault maps discovered:
D:1:      sevenhm_arrival_forest_fort_large_2, layout_basic, serial_glass,
          glass_columns_c, glass_columns_b, minmay_strange_pillars,
          corexii_hall_statues_i, nicolae_nh_oracle_at_delphi
D:2:      layout_basic
D:3:      layout_basic

Skill      XL: |  1  2 |
---------------+-------+-----
Dodging        | 1 2 |  2.9
Armour         | 2 |  2.5
Fighting       | |  3.6
Axes           | |  2.6

Action                     |  1- 3 |  4- 6 || total
---------------------------+-------+-------++-------
  Melee: Hand axe          |    85 |    41 ||   126
         Tailslap          |     9 |     4 ||    13
         Punch             |     1 |       ||     1
         Peck              |       |     6 ||     6
    Use: Scroll            |     4 |     2 ||     6
   Stab: Confused          |     2 |       ||     2
 Armour: Leather armour    |    42 |    25 ||    67
  Dodge: Dodged            |    57 |    21 ||    78
